 Dungeon Crawl Stone Soup version 0.25-a0-975-gcae8493d64 (webtiles) character file.

Game seed: 14561337030260854518, levelgen mode: deterministic

46 Esekla the Conjurer (level 3, 0/30 HPs)
             Began as a Naga Conjurer on May 9, 2020.
             Slain by Crazy Yiuf
             ... wielding a +2 quarterstaff of chaos
              (4 damage)
             ... on level 2 of the Dungeon.
             The game lasted 00:08:37 (2076 turns).

Esekla the Conjurer (Naga Conjurer)                 Turns: 2076, Time: 00:08:37

Health: 0/30       AC:  2    Str: 10    XL:     3   Next: 68%
Magic:  12/15      EV: 10    Int: 16    God:
Gold:   126        SH:  0    Dex: 11    Spells: 3/6 levels left

rFire    . . .     SeeInvis +   b - +2 dagger (venom)
rCold    . . .     Gourm    .   (no shield)
rNeg     . . .     Faith    .   a - +0 robe
rPois    +         Spirit   .   (no helmet)
rElec    .         Reflect  .   (no cloak)
rCorr    .         Harm     .   (no gloves)
MR       .....                  (no barding)
Stlth    ++........             (no amulet)
HPRegen  0.10/turn              l - ring of magical power
MPRegen  0.14/turn              (no ring)

@: very slow
A: large, see invisible, deformed body, poison resistance, slowness 2, slow
metabolism 1, spit poison 1, AC +1
a: Spit Poison


You were on level 2 of the Dungeon.
You were hungry.

You visited 1 branch of the dungeon, and saw 2 of its levels.

You collected 126 gold pieces.

Inventory:

Hand Weapons
 b - a +2 dagger of venom (weapon)
 e - a +1 dagger of protection
Armour
 a - a +0 robe (worn)
Jewellery
 l - a ring of magical power (left hand)
Scrolls
 d - a scroll of fear {unknown}
 f - 3 scrolls of teleportation {unknown}
 g - a scroll of random uselessness {unknown}
 j - 2 scrolls of identify {unknown}
 n - a scroll of immolation {unknown}
Potions
 h - 2 potions of curing {unknown}
 i - a potion of flight {unknown}
 k - 2 potions of might {unknown}
 m - a potion of degeneration {unknown}
Comestibles
 c - 5 rations


   Skills:
 * Level 0.6 Fighting
 * Level 0.8 Short Blades
 + Level 1.5 Dodging
 - Level 3.0 Stealth
 * Level 2.3 Spellcasting
 * Level 4.8 Conjurations


You had 3 spell levels left.
You knew the following spells:

 Your Spells              Type           Power        Failure   Level  Hunger
a - Magic Dart            Conj           ###.         2%          1    #......
e - Searing Ray           Conj           ###...       4%          2    ###....

Your spell library contained the following spells:

 Spells                   Type           Power        Failure   Level  Hunger
 Dazzling Flash           Conj/Hex       #.....       22%         3    ###....
 Fulminant Prism          Conj/Hex       #.........   58%         4    #####..
 Iskenderun's Mystic Bla  Conj/Tloc      #.......     58%         4    #####..


Dungeon Overview and Level Annotations

Branches:
Dungeon (2/15)

Altars:

Annotations:
D:2 Crazy Yiuf


Innate Abilities, Weirdness & Mutations

You cannot wear boots.
Your serpentine skin is tough. (AC +1)
You have supernaturally acute eyesight. (SInv)
Armour fits poorly on your strangely shaped body.
Your system is resistant to poisons. (rPois)
You cover ground very slowly.
You have a slow metabolism.
You can spit poison.


Message History

You barely miss Crazy Yiuf.
Crazy Yiuf is lightly wounded.
Crazy Yiuf says, "Lugonu sow turtle!"
Crazy Yiuf barely misses you.
Crazy Yiuf laughs, "Castle!
Seed ena verde."
Crazy Yiuf hits you with a +2 quarterstaff of chaos!
Space warps horribly around you!
* * * LOW HITPOINT WARNING * * *
Casting: Searing Ray (safe; 4% risk of failure)
Confirm with . or Enter, or press ? or * to list all spells.
Aiming: Searing Ray (safe; 4% risk of failure)
Press: ? - help, Shift-Dir - straight line, f - Crazy Yiuf
Aim: Crazy Yiuf, wielding a +2 quarterstaff of chaos, wearing a +0 cloak and carrying a wand of random effects (17) (lightly wounded, very poisoned)
The searing ray hits Crazy Yiuf!
Crazy Yiuf is heavily wounded. (Press . to maintain the ray.)
The searing ray hits Crazy Yiuf.
Crazy Yiuf is almost dead.
Crazy Yiuf hits you with a +2 quarterstaff of chaos.
You die...

... #.# #.#
##### #.#
#)..# #.#
#...#
##.#######
...
.........##
#'#
##<#......#
♣g♣♣
###########
#....###.##
♣♣@♣
#..........
.....# #..#
♣.♣♣
#.#########
#..).# ####
♣♣.♣ #.#
##.#.# ###
♣♣.♣♣ #.#
#.#.####.#
♣♣P..♣ #.#
#.#......#
♣P.P.♣
##.######
##+######.#
#....#
##.......#
#...## #.#
###..##
#........#
.....##
#.###....#
#.....##.#
#


You could see Crazy Yiuf (poisoned).

Vanquished Creatures
  An adder (D:2)
  A worm (D:2)
  A dart slug (D:2)
  2 leopard geckos
  2 giant cockroaches
  6 goblins
  3 hobgoblins (D:1)
  4 kobolds
  A quokka (D:2)
  3 bats (D:1)
  2 frilled lizards
  4 rats
30 creatures vanquished.

Notes
Turn   | Place    | Note
-------+----------+-------------------------------------------
     0 | D:1      | Esekla the Naga Conjurer began the quest for the Orb.
     0 | D:1      | Reached XP level 1. HP: 15/15 MP: 3/3
   303 | D:1      | Reached XP level 2. HP: 19/22 MP: 5/5
  1270 | D:2      | Reached XP level 3. HP: 20/30 MP: 6/6
  1274 | D:2      | Learned a level 2 spell: Searing Ray
  2067 | D:2      | Found a runed translucent door.
  2068 | D:2      | Noticed Crazy Yiuf
  2076 | D:2      | Slain by Crazy Yiuf

Illustrated notes

Levels and vault maps discovered:
D:1:      lemuel_arrival_tunnels, layout_basic, chequers_serial_rivers_room_b
D:2:      layout_loops_corners, uniq_crazy_yiuf_cottage

Action                   || total
-------------------------++-------
Melee: Short sword       ||     8
       Dagger            ||    49
 Cast: Magic Dart        ||     3
       Searing Ray       ||     2
 Abil: Spit Poison       ||     4
 Stab: Sleeping          ||     8
  Eat: Chunk             ||     2
Armor: Robe              ||    10
Dodge: Dodged            ||    27

Table legend:
 A = Non-vault XP
 B = Vault XP
 C = Vault XP percentage of total XP
 D = Non-vault monster count
 E = Vault monster count
 F = Vault count percentage of total count
                 A         B        C        D         E       F
            +---------+---------+-------+---------+---------+-------
      Total |      67 |       0 |   0.0 |      30 |       0 |   0.0
            +---------+---------+-------+---------+---------+-------
        D:1 |      27 |       0 |   0.0 |      16 |       0 |   0.0
        D:2 |      40 |       0 |   0.0 |      14 |       0 |   0.0
            +---------+---------+-------+---------+---------+-------
